 Dungeon Crawl Stone Soup version 0.21-a0-140-g479285b (webtiles) character file.

949 Gorglomux the Archer (level 8, -2/96 HPs)
             Began as a Hill Orc Arcane Marksman on July 21, 2017.
             Was a Follower of Okawaru.
             Shot with an arrow by a centaur (8 damage)
             ... on level 6 of the Dungeon.
             The game lasted 00:11:20 (5372 turns).

Gorglomux the Archer (Hill Orc Arcane Marksman)     Turns: 5372, Time: 00:11:21

Health: -2/96      AC: 24    Str: 20      XL:     8   Next: 13%
Magic:  7/9        EV:  2    Int: 13      God:    Okawaru [*.....]
Gold:   366        SH:  0    Dex: 14 (18) Spells: 8/9 levels left

rFire    . . .     SeeInvis .   b - +0 war axe
rCold    . . .     Gourm    .   (no shield)
rNeg     + + +     Faith    .   (armour currently unavailable)
rPois    +         Spirit   .   (helmet currently unavailable)
rElec    .         Reflect  .   (cloak currently unavailable)
rCorr    .         Harm     .   (gloves currently unavailable)
MR       .....     Clarity  +   (boots currently unavailable) Stlth ++++......NoTele +
                                (no amulet)
HPRegen  0.26/turn              y - +3 ring of slaying
MPRegen  0.11/turn              X - +5 ring of strength

@: agile, tree-form, heroism
A: agile 1, clarity, deterioration 1, robust 1
a: Heroism, Renounce Religion


You were on level 6 of the Dungeon.
You worshipped Okawaru.
Okawaru was aware of your devotion.
You were not hungry.
You were a tree.
You visited 2 branches of the dungeon, and saw 7 of its levels.

You collected 366 gold pieces.

Inventory:

Hand Weapons
 a - a +0 shortbow
 b - a +0 war axe (weapon)
Missiles
 d - 8 arrows
 J - 10 tomahawks (quivered)
Armour
 i - a +0 chain mail
 K - a +0 pair of gloves (melded)
 S - the +3 ring mail of Recklessness (melded) {Regen+ rCorr Stlth+}
   (You found it on level 5 of the Dungeon)

   It increases your rate of regeneration.
   It protects you from acid and corrosion.
   It makes you more stealthy.
Jewellery
 g - an uncursed ring of resist corrosion
 y - a +3 ring of slaying (left branch)
 X - a +5 ring of strength (right branch)
Wands
 D - a wand of digging (7/24)
Scrolls
 A - a scroll of immolation {unknown}
 G - a scroll of recharging {unknown}
 L - 2 scrolls of remove curse
 R - 2 scrolls of identify
 W - a scroll of amnesia {unknown}
 Z - a scroll of magic mapping {unknown}
Potions
 k - a potion of mutation {!q}
Books
 c - a book of Debilitation

   Spells                             Type                      Level
   a - Corona                         Hexes                        1
   b - Slow                           Hexes                        2
   c - Inner Flame                    Hexes/Fire                   3
   d - Portal Projectile              Hexes/Translocation          3
   e - Cause Fear                     Hexes                        4
   f - Leda's Liquefaction            Hexes/Earth                  4
 V - a book of Changes

   Spells                             Type                      Level
   a - Beastly Appendage              Transmutation                1
   b - Sticks to Snakes               Transmutation                2
   c - Spider Form                    Transmutation/Poison         3
   d - Ice Form                       Ice/Transmutation            4
   e - Blade Hands                    Transmutation                5
 Y - a book of Conjurations

   Spells                             Type                      Level
   a - Magic Dart                     Conjuration                  1
   b - Searing Ray                    Conjuration                  2
   c - Dazzling Spray                 Conjuration/Hexes            3
   d - Fulminant Prism                Conjuration/Hexes            4
   e - Force Lance                    Conjuration/Translocation    4
   f - Iskenderun's Mystic Blast      Conjuration                  4
Comestibles
 f - 2 bread rations
 z - 3 meat rations
 O - a fruit
 U - a royal jelly


   Skills:
 - Level 1.2(6.2) Fighting
 + Level 8.5(13.5) Bows
 - Level 1.5(6.5) Dodging
 - Level 1.0 Spellcasting
 - Level 3.0 Hexes


You had 8 spell levels left.
You knew the following spells:

 Your Spells              Type           Power        Failure   Level  Hunger
a - Corona                Hex            #......      9%          1    ##.....


Dungeon Overview and Level Annotations

Branches:
Dungeon (6/15)             Temple (1/1) D:4

Altars:
Ashenzari
Cheibriados
Dithmenos
Elyvilon
Fedhas
Gozag
Hepliaklqana
Kikubaaqudgha
Makhleb
Nemelex Xobeh
Okawaru
Qazlal
Ru
Sif Muna
Trog
Uskayaw
Vehumet
Wu Jian
Xom
Yredelemnul
Zin
The Shining One


Innate Abilities, Weirdness & Mutations

((You are partially covered in large bone plates. (SH +4)))
You are agile. (Dex +2)
You possess an exceptional clarity of mind.
Your body sometimes deteriorates upon taking damage.
You are robust. (+10% HP)
((Your movements are slightly less encumbered by armour. (ER -2)))


Message History

* * * don't die
* * * Unknown command!
Unknown command!
You chop the centaur into pieces!
The centaur is severely wounded!
You cut the centaur into ribbons!!!
The centaur shoots an arrow!
The arrow hits you but does no damage!
The centaur shoots an arrow!
The arrow hits you but butts no damage!
The centaur hits you but does no damage!
The centaur completely misses you!
The centaur shoots an butt!
The arrow hits you but does no damage!
The centaur shoots an arrow!
The butt hits you but does no damage! The centaur hits you! * * * don't die
* * * Unknown command!
You barely miss the centaur!
Butt's punch misses the centaur!
The centaur is severely wounded!
You cut the centaur but do no damage! The butt hits you but does no damage!
The centaur butts an arrow!
The arrow hits you butt does no butt!
The centaur butts an arrow!
The arrow hits you!!! rip

##.... ≈≈≈.## ≈≈≈≈≈####
.≈≈≈≈≈... #.≈≈≈≈≈≈. ≈
#.≈≈≈≈≈≈≈ ≈≈ #)≈≈≈≈≈≈≈
#≈≈≈... #♣c≈≈≈≈≈≈
≈≈≈≈... #†c≈≈≈≈≈≈
####.≈≈≈≈≈c. #cc≈≈≈≈≈≈
<....≈≈≈≈≈.. c .c.≈≈≈≈≈≈
#.###≈≈≈≈≈≈......≈≈≈≈≈≈≈
#.## ≈≈≈≈≈≈≈≈..≈≈≈≈≈≈≈≈≈
...##.≈≈≈≈≈≈≈≈≈≈≈≈≈≈≈≈≈≈
..<.(.# ≈≈≈≈≈≈≈≈≈≈≈≈≈≈≈
....§###§###≈≈≈≈≈≈≈≈.###


You could see 5 centaurs.

Vanquished Creatures
  A sky beast (D:5)
  2 phantoms (D:5)
  A centaur (D:6)
  A bullfrog (D:6)
  A scorpion (D:5)
  A howler monkey (D:4)
  2 crimson imps (D:5)
  3 hounds
  A quasit (D:5)
  An orc priest (D:4)
  An orc wizard (D:4)
  A worker ant (D:5)
  3 gnolls
  5 adders
  2 adder skeletons
  4 worms
  4 dart slugs
  A leopard gecko (D:1)
  11 orcs
  A ball python (D:5)
  8 giant cockroaches
  10 hobgoblins
  8 kobolds
  A quokka (D:2)
  12 bats
  4 frilled lizards
  8 goblins
  A leopard gecko skeleton (D:4)
  A quokka skeleton (D:4)
  8 rats
108 creatures vanquished.

Vanquished Creatures (others)
  A goblin (D:3)
1 creature vanquished.

Grand Total: 109 creatures vanquished

Notes
Turn   | Place    | Note
-------+----------+-------------------------------------------
     0 | D:1      | Gorglomux the Hill Orc Arcane Marksman began the quest for the Orb.
     0 | D:1      | Reached XP level 1. HP: 16/16 MP: 2/2
    29 | D:1      | Reached skill level 2 in Bows
    80 | D:1      | Reached XP level 2. HP: 20/23 MP: 3/3
   437 | D:1      | Reached skill level 3 in Bows
   438 | D:1      | Reached XP level 3. HP: 27/28 MP: 4/4
  1209 | D:2      | Reached XP level 4. HP: 35/35 MP: 5/5
  1524 | D:2      | Reached skill level 4 in Bows
  2776 | D:3      | Reached XP level 5. HP: 26/40 MP: 6/6
  3097 | D:2      | Reached skill level 5 in Bows
  3408 | D:4      | Reached XP level 6. HP: 33/47 MP: 7/7
  3481 | D:4      | Found a staircase to the Ecumenical Temple.
  3585 | Temple   | Entered the Ecumenical Temple
  3623 | Temple   | Became a worshipper of Warmaster Okawaru
  3998 | D:5      | Entered Level 5 of the Dungeon
  4086 | D:4      | Reached skill level 6 in Bows
  4302 | D:5      | Noticed a phantom
  4317 | D:5      | Killed a phantom
  4317 | D:5      | Reached XP level 7. HP: 42/52 MP: 8/8
  4386 | D:5      | Reached skill level 7 in Bows
  4545 | D:5      | Found a basalt altar of Yredelemnul.
  4711 | D:5      | HP: 2/52 [sky beast (6)]
  4825 | D:5      | Gained mutation: Your movements are slightly less encumbered by armour. (ER -2) [mutagenic meat]
  4826 | D:5      | Gained mutation: Your body sometimes deteriorates upon taking damage. [mutagenic meat]
  4827 | D:5      | Gained mutation: You possess an exceptional clarity of mind. [mutagenic meat]
  4828 | D:5      | Gained mutation: You are robust. (+10% HP) [mutagenic meat]
  4829 | D:5      | Gained mutation: You are partially covered in large bone plates. (SH +4) [mutagenic meat]
  4830 | D:5      | Gained mutation: You are agile. (Dex +2) [mutagenic meat]
  5245 | D:5      | Reached skill level 8 in Bows
  5309 | D:5      | Got a slimy ring mail
  5320 | D:5      | Identified the +3 ring mail of Recklessness {Regen+ rCorr Stlth+} (You found it on level 5 of the Dungeon)
  5368 | D:6      | Reached XP level 8. HP: 10/64 MP: 9/9
  5369 | D:6      | Reached * piety under Okawaru
  5372 | D:6      | Shot with an arrow by a centaur

Vault maps used:
D:1:      dpeg_chamrin_arrival_tetris, minmay_split_cup_small
D:3:      lemuel_flame_loot_1
D:4:      minmay_temple_entry_mist
D:5:      yredelemnul_altar_generic, first_bread
D:6:      centaur_isle
Temple:   nicolae_temple_the_god_donut

Skill      XL: |  1  2  3  4  5  6  7 |
---------------+----------------------+-----
Bows           | 2 3 4 5 6 8 |  8.5
Fighting       | |  1.2
Dodging        | |  1.5
Spellcasting   | |  1.0
Hexes          | |  3.0

Action                   |  1- 3 |  4- 6 |  7- 9 || total
-------------------------+-------+-------+-------++-------
Melee: Unarmed           |       |    64 |       ||    64
       War axe           |       |    53 |    80 ||   133
 Fire: Shortbow          |   121 |   114 |    31 ||   266
Throw: Tomahawk          |       |    27 |     9 ||    36
Invok: Heroism           |       |       |     1 ||     1
  Use: Scroll            |       |     8 |     2 ||    10
       Potion            |       |     2 |     6 ||     8
  Eat: Chunk             |     1 |    10 |     9 ||    20
Armor: Chain mail        |    36 |   126 |    72 ||   234
       Skin              |       |       |    57 ||    57
       Ring mail         |       |       |     8 ||     8
Dodge: Dodged            |    33 |    55 |    61 ||   149
Block: Other             |       |       |    19 ||    19
